 Dungeon Crawl Stone Soup version bcrawl-1.19.2-6-g6a88ae04c9 (webtiles) character file.

Game seed: 5450356173243117825

13741 petercordia5 the Ogre Mage (level 12, -6/113 HPs)
             Began as an Ogre Wizard on Jan 3, 2020.
             Was an Elder of Hepliaklqana.
             Hit by a javelin thrown by a minotaur (30 damage)
             ... in a Gauntlet on Jan 11, 2020.
             The game lasted 01:39:25 (16422 turns).

petercordia5 the Ogre Mage (Ogre Wizard)           Turns: 16422, Time: 01:39:26

Health: -6/113     AC:  3    Str: 14    XL:     12   Next: 9%
Magic:  16/27      EV: 27    Int: 20    God:    Hepliaklqana [****..]
Gold:   1119       SH:  0    Dex: 10    Spells: 5/33 levels left

rFire    . . .     SeeInvis .   a - +3 giant club
rCold    . . .     Gourm    .   (shield currently unavailable)
rNeg     . . .     Faith    .   (armour restricted)
rPois    +         Spirit   .   c - +2 hat
rElec    .         Reflect  .   j - scarf {cloud immunity}
rCorr    .         Harm     .   (gloves unavailable)
MR       +....     NoTele   +   (boots unavailable)
Stlth    ++++......             I - amulet of the acrobat
HPRegen  0.28/turn              H - ring of poison resistance
MPRegen  0.20/turn              E - ring of stealth

@: no status effects
A: large, unfitting armour, reduced essence, tough skin 1
a: Recall Ancestor, Ancestor Identity, Transference, Incarnate, Renounce
Religion


You were in a Gauntlet.
You worshipped Hepliaklqana.
Hepliaklqana was greatly pleased with you.
You were not hungry.

You visited 2 branches of the dungeon, and saw 11 of its levels.
You also visited: Gauntlet.

You collected 1119 gold pieces.

Inventory:

Hand Weapons
 a - a +3 giant club (weapon)
Missiles
 m - 1084 arrows
Armour
 c - a +2 hat (worn)
 i - a +0 cloak
 j - a scarf of cloud immunity (worn)
Magical Staves
 b - an uncursed staff of wizardry {!a}
Jewellery
 q - an uncursed ring of insulation
 E - a ring of stealth (right hand)
 H - a ring of poison resistance (left hand)
 I - an amulet of the acrobat (around neck)
 L - the amulet of Deps {Reflect rN+ SH+4}
   (You found it in a Gauntlet)

   [amulet of reflection]

   It shields you and reflects attacks.
   It protects you from negative energy.
   It affects your SH (+4).
Wands
 C - a wand of iceblast (9)
 D - a wand of acid (12)
 J - a wand of random effects (16)
 N - a wand of digging (7)
Scrolls
 d - 8 scrolls of amnesia
 e - 3 scrolls of immolation
 g - 2 scrolls of blinking {unknown}
 k - a scroll of enchant armour
 o - 5 scrolls of fear
 p - 4 scrolls of remove curse
 w - 4 scrolls of teleportation
 y - 4 scrolls of fog
 A - 2 scrolls of magic mapping
Potions
 h - 3 potions of flight {unknown}
 l - a potion of resistance
 n - a potion of heal wounds {unknown}
 r - 2 potions of berserk rage {unknown}
 s - a potion of magic {unknown}
 t - 3 potions of brilliance
 v - a potion of might {unknown}
 x - a potion of ambrosia {unknown}
 z - a potion of agility
 B - 7 potions of curing
 F - a potion of lignification {unknown}
 G - 2 potions of cancellation {unknown}
 M - a potion of haste
Miscellaneous
 u - a sack of spiders
 K - a fan of gales
Comestibles
 f - 25 rations {!d}


   Skills:
 + Level 9.6 Fighting
 + Level 10.1 Maces & Flails
 + Level 6.5 Dodging
 + Level 2.9 Stealth
 * Level 11.0 Spellcasting
 - Level 4.3 Conjurations
 * Level 5.3 Hexes
 - Level 2.0 Summonings
 - Level 1.0 Translocations
 * Level 3.3 Transmutations
 - Level 1.1 Fire Magic
 - Level 1.0 Air Magic
 - Level 1.1 Poison Magic
 + Level 2.7 Invocations


You had 5 spell levels left.
You knew the following spells:

 Your Spells              Type           Power        Failure   Level  Hunger
a - Dazzling Spray        Conj/Hex       ####..       2%          3    None
b - Blink                 Tloc           N/A          6%          2    None
c - Confuse               Hex            ####....     1%          3    None
d - Conjure Flame         Conj/Fire      ###.....     6%          3    None
e - Mephitic Cloud        Conj/Pois/Air  ###.....     8%          3    None
f - Magic Dart            Conj           ####         1%          1    None
g - Call Imp              Summ           ###...       4%          2    None
h - Yara's Violent Unrav  Hex/Tmut       ####......   11%         4    ##.....
i - Tree Form             Hex/Tmut       N/A          28%         5    ####...
p - Passwall              Tmut/Erth      ###.....     4%          2    None

Your spell library contained the following spells:

 Spells                   Type           Power        Failure   Level  Hunger
 Apportation              Tloc           ###...       4%          1    None
 Animate Skeleton         Necr           N/A          6%          1    None
 Pain                     Necr           ##....       6%          1    None
 Sandblast                Erth           ##....       6%          1    None
 Spider Form              Tmut/Pois      ###          8%          3    None
 Stone Arrow              Conj/Erth      ###...       8%          3    None
 Corpse Rot               Necr           N/A          10%         2    None
 Portal Projectile        Tloc           ###...       12%         3    None
 Regeneration             Chrm/Necr      ##........   19%         3    None
 Vampiric Draining        Necr           ##........   19%         3    None
 Petrify                  Tmut/Erth      ###.....     32%         4    ##.....
 Silence                  Hex/Air        ###.......   43%         5    ####...
 Metabolic Englaciation   Hex/Ice        ###.......   50%         5    ####...
 Animate Dead             Necr           N/A          52%         4    ##.....
 Bolt of Draining         Conj/Necr      ###.......   56%         5    ####...
 Iskenderun's Battlesphe  Conj/Chrm      ###.....     56%         5    ####...
 Summon Forest            Summ/Tloc      ###.......   67%         5    ####...
 Lee's Rapid Deconstruct  Erth           ##........   86%         5    ####...
 Piercing Shot            Chrm           ##........   86%         5    ####...
 Infestation              Hex/Tmut/Pois  ###......    94%         6    ######.
 Poison Arrow             Conj/Pois      ###.......   97%         6    ######.
 Dispersal                Tloc           ###.......   99%         6    ######.
 Summon Hydra             Summ           ###.......   99%         6    ######.
 Deflect Missiles         Chrm/Air       ##........   100%        6    ######.
 Mana Rupture             Conj/Hex       ####......   100%        7    #######
 Discord                  Hex            ####......   100%        8    #######


Dungeon Overview and Level Annotations

Branches:
Dungeon (10/12)            Temple (0/1) D:5            Lair (1/6) D:8
    Orc (0/1) D:10

Altars:
Cheibriados
Elyvilon
Gozag
Hepliaklqana
Kikubaaqudgha
Lugonu
Okawaru
Qazlal
Ru
Uskayaw
Xom
Yredelemnul
Zin
The Shining One

Shops:
D:8 [

Annotations:
D:3 phantom
D:8 exclusions: angel and profane servitor Gauntlet 4 transporters


Innate Abilities, Weirdness & Mutations

You are too large for most types of armour.
You have tough skin. (AC +1)
Your life essence is reduced to manifest your ancestor. (-10% HP)


Message History

The minotaur hits you with the +9 staff of Wucad Mu {channel}!
The minotaur closely misses you.
Necuametl gestures at the minotaur while chanting.
The puff of frost hits the minotaur.
The minotaur resists.
Casting: Dazzling Spray (safe; 2% risk of failure)
Confirm with . or Enter, or press ? or * to list all spells.
Aiming: Dazzling Spray (safe; 2% risk of failure)
Press: ? - help, Shift-Dir - straight line, f/p - minotaur
Aim: a minotaur, wielding the +9 staff of Wucad Mu {channel}, wearing the +11 chain mail of Anootos {rPois rC+ Dex-2}, wearing a +2 shield, wearing an uncursed ring of stealth, quivering 287 javelins and carrying a wand of digging (7) (lightly wounded)
The minotaur blocks the spray of energy.
Necuametl hits the minotaur with a +0 quarterstaff.
The minotaur hits you with the +9 staff of Wucad Mu {channel}!!
* * * LOW HITPOINT WARNING * * *
The minotaur gores you!
* * * LOW HITPOINT WARNING * * *
Unknown command.
Unknown command.
Necuametl hits the minotaur with a +0 quarterstaff.
The minotaur throws a javelin.
The javelin hits you!!
You die...

.....#..# #.##.#..#
#..#=#..####
##.#.#..#..#
©#..©#..#©.# ###
.##.[#..#..# ..#
....?#..#..##. #.#
#.##G#..#.....##.#
...uG#..#..##.##@# #
######..#..##..R.#.# ≈#
.......8#..##.##H#.#.≈≈#
.......⌠#.....##.'...H≈#
.......8#..##.##.#.#.≈≈#
######..#..##....#.# #
.....#..#..##.##.# #
.PPP.#..#.....##.#
.P#P.#..#..##.##.#


You could see the friendly Necuametl the battlemage and a minotaur.

Vanquished Creatures
  Pikel (D:6)
  An oklob plant (Gauntlet)
  An ugly thing (D:9)
  A manticore (D:7)
  Maurice (D:8)
  A gargoyle (D:10)
  A kobold demonologist (D:8)
  A troll (D:9)
  6 slime creatures (D:8)
  A hippogriff (D:9)
  3 yaks (D:10)
  A human (D:10)
  A steam dragon (D:9)
  2 wargs (D:8)
  An acid dragon (D:10)
  Duvessa (D:5)
  2 slaves (D:6)
  An ogre (D:5)
  An orc warrior (D:8)
  2 phantoms
  A necrophage (D:5)
  2 centaurs (D:8)
  3 bullfrogs
  12 big kobolds (D:8)
  Dowan (D:5)
  4 scorpions
  3 wights (D:9)
  3 jellies
  A killer bee (D:10)
  3 howler monkeys
  A crimson imp (D:8)
  2 bullfrog zombies
  3 orc priests
  7 hounds
  3 orc wizards
  A battlemage (D:9)
  3 worker ants
  An iguana (D:7)
  A killer bee zombie (D:6)
  Robin (D:2)
  A worker ant zombie (D:5)
  2 gnolls (D:8)
  9 adders
  A white imp (Gauntlet)
  An ooze (D:3)
  3 worms
  A dart slug (D:1)
  6 leopard geckos
  20 orcs
  4 giant cockroaches
  13 goblins
  12 hobgoblins
  21 jackals
  4 quokkas
  2 ball pythons
  4 bats
  2 frilled lizards
  15 kobolds
  3 rats
210 creatures vanquished.

Vanquished Creatures (collateral kills)
  An orange crystal statue (Gauntlet)
  An ugly thing (D:10)
  A centaur zombie (D:9)
  A komodo dragon (Lair:1)
  An ice devil (Gauntlet)
  A troll (D:9)
  A spriggan (D:9)
  A yak (D:10)
  2 hungry ghosts
  A warg (D:8)
  An acid dragon (Gauntlet)
  A water moccasin (D:8)
  3 sky beasts
  3 orc warriors
  3 eyes of draining
  A slave (D:6)
  A hornet zombie (D:10)
  2 ogres (D:7)
  2 necrophages (D:7)
  A centaur (D:7)
  2 bullfrogs
  A big kobold (D:8)
  Blork the orc (D:6)
  4 killer bees (D:10)
  5 wights (D:9)
  3 howler monkeys
  4 crimson imps
  A quasit (D:10)
  A jelly (D:10)
  7 orc priests
  7 orc wizards
  2 iguanas (D:7)
  8 worker ants
  An adder (D:7)
  3 white imps (Gauntlet)
  19 orcs
  2 giant cockroaches (D:4)
  5 jackals
  3 kobolds (D:8)
108 creatures vanquished.

Vanquished Creatures (others)
  A killer bee (D:10)
  2 battlemagi
  A gnoll (D:8)
  An ancestor (D:5)
  2 jackals (D:6)
7 creatures vanquished.

Grand Total: 325 creatures vanquished

Notes
Turn   | Place    | Note
-------+----------+-------------------------------------------
     0 | D:1      | petercordia5 the Ogre Wizard began the quest for the Orb.
     0 | D:1      | Reached XP level 1. HP: 16/16 MP: 5/5
     7 | D:1      | Reached skill level 1 in Conjurations
   321 | D:1      | Reached skill level 1 in Fighting
   321 | D:1      | Reached XP level 2. HP: 24/27 MP: 0/6
   325 | D:1      | Learned a level 2 spell: Call Imp
   328 | D:1      | Learned a level 2 spell: Blink
   590 | D:1      | Reached skill level 1 in Summonings
   590 | D:1      | Reached skill level 1 in Translocations
  1095 | D:1      | Reached skill level 4 in Spellcasting
  1228 | D:1      | Reached XP level 3. HP: 33/33 MP: 3/8
  1488 | D:1      | Learned a level 3 spell: Mephitic Cloud
  1730 | D:2      | Found a shimmering altar of Xom.
  1765 | D:2      | Noticed Robin
  1773 | D:2      | Reached skill level 1 in Maces & Flails
  2502 | D:2      | Killed Robin
  2502 | D:2      | Reached XP level 4. HP: 34/42 MP: 0/10
  2520 | D:2      | Learned a level 3 spell: Conjure Flame
  3820 | D:3      | Reached XP level 5. HP: 43/49 MP: 4/11
  4183 | D:3      | Found a snail-covered altar of Cheibriados.
  4300 | D:3      | Reached skill level 1 in Air Magic
  5021 | D:4      | Reached skill level 1 in Fire Magic
  5021 | D:4      | Reached skill level 1 in Poison Magic
  5021 | D:4      | Reached XP level 6. HP: 48/59 MP: 2/12
  5030 | D:4      | Noticed a phantom
  5289 | D:4      | Found a hazy altar of Hepliaklqana.
  5300 | D:4      | Became a worshipper of Hepliaklqana the Forgotten
  5680 | D:4      | Found a sacrificial altar of Ru.
  6138 | D:4      | Reached XP level 7. HP: 36/60 MP: 4/14
  6345 | D:4      | Reached skill level 5 in Spellcasting
  6471 | D:4      | Found an iron altar of Okawaru.
  6472 | D:4      | Reached * piety under Hepliaklqana
  7011 | D:5      | Entered Level 5 of the Dungeon
  7251 | D:4      | Reached XP level 8. HP: 62/71 MP: 5/16
  7692 | D:5      | Found a staircase to the Ecumenical Temple.
  7717 | D:5      | Found a stormy altar of Qazlal.
  7720 | D:5      | Found a glowing silver altar of Zin.
  7723 | D:5      | Found a white marble altar of Elyvilon.
  7876 | D:5      | Reached skill level 5 in Fighting
  7927 | D:5      | Noticed Dowan
  7928 | D:5      | Noticed Duvessa
  7933 | D:5      | Killed Dowan
  7943 | D:5      | Killed Duvessa
  8080 | D:5      | Reached skill level 6 in Spellcasting
  8174 | D:5      | Reached ** piety under Hepliaklqana
  8175 | D:5      | Remembered your ancestor Necuametl as a battlemage
  8641 | D:6      | Reached skill level 5 in Maces & Flails
  8830 | D:6      | Reached XP level 9. HP: 74/80 MP: 13/18
  9040 | D:6      | Noticed Blork the orc
  9259 | D:6      | Killed Blork the orc
  9418 | D:6      | Noticed Pikel
  9435 | D:6      | Killed Pikel
  9435 | D:6      | Reached skill level 7 in Spellcasting
 10046 | D:7      | Noticed a manticore
 10070 | D:7      | Reached skill level 8 in Spellcasting
 10086 | D:7      | Killed a manticore
 10086 | D:7      | Reached XP level 10. HP: 59/91 MP: 3/22
 10437 | D:7      | Identified the Almanac of the Traveller and Darkness
 10553 | D:7      | Learned a level 2 spell: Passwall
 10710 | D:7      | Reached skill level 5 in Dodging
 11032 | D:8      | Found an opulent altar of Gozag.
 11106 | D:8      | Learned a level 3 spell: Dazzling Spray
 11110 | D:8      | Learned a level 3 spell: Confuse
 11186 | D:8      | Found a staircase to the Lair.
 11200 | D:8      | Reached skill level 9 in Spellcasting
 11203 | D:8      | Reached skill level 1 in Hexes
 11633 | D:8      | Reached *** piety under Hepliaklqana
 11747 | D:8      | Found a basalt altar of Yredelemnul.
 11752 | D:8      | Found a glowing golden altar of the Shining One.
 11761 | D:8      | Noticed an angel
 11772 | D:8      | Noticed a profane servitor
 12048 | D:8      | Found Duhes's Antique Armour Shop.
 12162 | D:8      | Noticed Maurice
 12171 | D:8      | Killed Maurice
 12511 | D:8      | Found a corrupted altar of Lugonu.
 12511 | D:8      | Found a snail-covered altar of Cheibriados.
 12512 | D:8      | Found an ancient bone altar of Kikubaaqudgha.
 12575 | D:8      | Reached XP level 11. HP: 101/101 MP: 24/24
 12580 | D:8      | Found a hide-covered altar of Uskayaw.
 12706 | D:8      | Reached skill level 10 in Spellcasting
 13337 | D:9      | Reached skill level 1 in Transmutations
 13432 | D:9      | Reached skill level 1 in Invocations
 13755 | D:9      | Noticed a purple ugly thing
 13765 | D:9      | Killed a purple ugly thing
 14147 | D:10     | Entered Level 10 of the Dungeon
 14258 | D:10     | Reached **** piety under Hepliaklqana
 14789 | D:10     | Found a runed door.
 14794 | D:10     | Found a basalt altar of Yredelemnul.
 14852 | D:10     | Noticed a green ugly thing
 14865 | D:10     | Killed a green ugly thing
 14865 | D:10     | Reached skill level 10 in Maces & Flails
 14982 | D:10     | Reached skill level 5 in Hexes
 15198 | D:10     | Found a staircase to the Orcish Mines.
 15288 | D:10     | Learned a level 4 spell: Yara's Violent Unravelling
 15294 | D:10     | Learned a level 5 spell: Tree Form
 15393 | Lair:1   | Entered Level 1 of the Lair of Beasts
 15433 | Lair:1   | Found a gate leading to a gauntlet.
 15442 | Gauntlet | Entered a Gauntlet
 15442 | Gauntlet | Found a transporter.
 15442 | Gauntlet | Found a transporter.
 15444 | Gauntlet | Noticed a wizard
 15446 | Gauntlet | Found a transporter.
 15447 | Gauntlet | Found a transporter.
 15452 | Gauntlet | Found a transporter.
 15452 | Gauntlet | Found a transporter.
 15455 | Gauntlet | Noticed a brown ugly thing
 15456 | Gauntlet | Noticed an oklob plant
 15461 | Gauntlet | Noticed an orange crystal statue
 15461 | Gauntlet | Noticed a glowing orange brain
 15462 | Gauntlet | Found a transporter.
 15463 | Gauntlet | Found a transporter.
 15469 | Gauntlet | Noticed a glowing orange brain
 15489 | Gauntlet | Found a transporter.
 15508 | Gauntlet | Found a transporter.
 15540 | Gauntlet | Noticed a wizard
 15903 | Gauntlet | Killed an oklob plant
 15903 | Gauntlet | Reached XP level 12. HP: 111/111 MP: 26/26
 16328 | Gauntlet | Noticed a death ooze
 16328 | Gauntlet | Reached skill level 11 in Spellcasting
 16330 | Gauntlet | Got a translucent emerald amulet
 16338 | Gauntlet | Identified the amulet of Deps {Reflect rN+ SH+4} (You found
                  | it in a Gauntlet)
 16362 | Gauntlet | Identified the +11 chain mail of Anootos {rPois rC+ Dex-2}
 16362 | Gauntlet | Noticed a minotaur
 16422 | Gauntlet | Hit by a javelin thrown by a minotaur

Skill      XL: |  1  2  3  4  5  6  7  8  9 10 11 12 |
---------------+-------------------------------------+-----
Conjurations   | 1 2 3 4 |  4.3
Fighting       | 1 2 3 4 6 7 8 9 |  9.6
Summonings     | 1 2 |  2.0
Translocations | 1 |  1.0
Spellcasting   | 4 5 6 8 9 10 11 | 11.0
Maces & Flails | 1 2 3 5 8 9 10 | 10.1
Air Magic      | 1 |  1.0
Fire Magic     | 1 |  1.1
Poison Magic   | 1 |  1.1
Dodging        | 2 3 4 5 6 |  6.5
Stealth        | 2 |  2.9
Hexes          | 3 5 |  5.3
Transmutations | 3 |  3.3
Invocations    | 2 |  2.7

Action                   |  1- 3 |  4- 6 |  7- 9 | 10-12 || total
-------------------------+-------+-------+-------+-------++-------
Melee: Club              |    22 |    30 |    16 |       ||    68
       Giant club        |       |       |    51 |   165 ||   216
 Cast: Magic Dart        |   129 |   163 |   131 |    50 ||   473
       Call Imp          |     4 |     8 |     3 |       ||    15
       Mephitic Cloud    |     1 |     9 |    24 |    24 ||    58
       Blink             |       |     2 |       |     4 ||     6
       Conjure Flame     |       |     4 |    11 |    12 ||    27
       Dazzling Spray    |       |       |       |    60 ||    60
       Confuse           |       |       |       |     1 ||     1
Invok: Recall Ancestor   |       |     1 |     1 |     3 ||     5
       Ancestor Life: Ba |       |       |     1 |       ||     1
  Use: Scroll            |       |       |    15 |     3 ||    18
 Stab: Sleeping          |       |     1 |     1 |     7 ||     9
       Confused          |       |       |     7 |    12 ||    19
       Distracted        |       |       |     1 |     3 ||     4
       Invisible         |       |       |       |     2 ||     2
  Eat: Chunk             |     5 |    12 |    13 |    17 ||    47
       Ration            |       |       |       |     1 ||     1
Armor: Robe              |     2 |       |       |       ||     2
       Skin              |     4 |     6 |     7 |    21 ||    38
Dodge: Dodged            |    28 |    65 |    43 |   142 ||   278
